 Dungeon Sprint DCSS version 0.17-a0-1450-g7e755d1 (webtiles) character file.

11 hexophile the Insei (level 2, -2/30 HPs)
             Began as a Naga Monk on June 30, 2015.
             Was a Priest of Cheibriados.
             Slain by a water moccasin (8 damage)
             ... in the Dungeon (Sprint IX: "|||||||||||||||||||||||||||||").
             The game lasted 00:00:58 (267 turns).

hexophile the Insei (Naga Monk)                      Turns: 267, Time: 00:00:58

Health: -2/30      AC:  1    Str: 20    XL:     2   Next: 25%
Magic:  2/2        EV: 12    Int: 17    God:    Cheibriados [***...]
Gold:   0          SH:  0    Dex: 20    Spells: 0 memorised, 1 level left

rFire  . . .     SeeInvis +       - Unarmed
rCold  . . .     Clarity  .     a - +0 robe
rNeg   . . .     SustAt   .     (no shield)
rPois  +         Gourm    .     (no helmet)
rElec  .         Spirit   .     (no cloak)
rCorr  .         Warding  .     (no gloves)
rMut   .         NoTele   +     (no barding)
MR     .....                    (no amulet)
Stlth  +++.......               (no ring)
                                (no ring)

@: lethally poisoned (-2 -> -15), very slow, not resistant to hostile
enchantments, fairly stealthy
A: see invisible, deformed body, poison resistance, slowness 2, slow metabolism
1, spit poison 2, AC +0
a: Spit Poison, Bend Time, Temporal Distortion, Renounce Religion


You were in the Dungeon.
You worshipped Cheibriados.
Cheibriados was most pleased with you.
You were not hungry.

You visited 1 branch

Inventory:

Armour
 a - a +0 robe (worn)
Magical devices
 d - a wand of draining (4)
Potions
 c - a potion of curing
 e - a potion of haste
 f - 2 potions of magic
 g - a potion of berserk rage
Comestibles
 b - a bread ration


   Skills:
 + Level 3.9 Fighting
 + Level 3.2 Dodging
 - Level 3.0 Stealth
 + Level 4.7 Unarmed Combat


You had one spell level left.
You didn't know any spells.

Dungeon Overview and Level Annotations

Branches:
Dungeon (1/1)

Altars:
Cheibriados
Dithmenos
Elyvilon
Fedhas
Gozag
Kikubaaqudgha
Makhleb
Nemelex Xobeh
Okawaru
Qazlal
Ru
Sif Muna
Trog
Vehumet
Xom
Yredelemnul
Zin
The Shining One
Beogh
Jiyva
Lugonu


Innate Abilities, Weirdness & Mutations

You cannot wear boots.
Your serpentine skin is tough (AC +0).
You have supernaturally acute eyesight.
Armour fits poorly on your strangely shaped body.
Your system is resistant to poisons.
You cover ground very slowly.
You have a slow metabolism.
You can spit poison.


Message History

The bolt of negative energy misses the water moccasin.
The bolt of negative energy hits the bat zombie.
The bat zombie completely resists.
The bolt of negative energy hits the giant gecko.
The giant gecko is drained!
You kill the giant gecko!
Cheibriados thoroughly appreciates the change of pace.
Cheibriados raises the support of your attributes as your movement slows.
This wand has 5 charges left.
The water moccasin misses you.
Evoke which item? (* to show all) (? for menu, Esc to quit)
Zapping:
d - a wand of draining (5)
Press: ? - help, Shift-Dir - straight line, f/p - water moccasin
Aim: a water moccasin The bolt of negative energy misses the water moccasin.
The bolt of negative energy misses the bat zombie.
This wand has 4 charges left.
The water moccasin bites you.
* * * LOW HITPOINT WARNING * * *
You are lethally poisoned!
The water moccasin poisons you! The water moccasin bites you!
You die... ▓▓▓▓▓▓▓▓▓▓▓▓▓▓▓▓▓▓▓▓▓▓▓▓ +==[[[)@SZ†_____________ ▓▓▓▓▓▓▓▓▓▓▓▓▓▓▓▓▓▓▓▓▓▓▓▓

You could see a water moccasin and a bat zombie.

Vanquished Creatures
  A giant gecko (D)
  An orc (D)
  A giant cockroach (D)
  A goblin (D)
  2 hobgoblins (D)
  2 bats (D)
8 creatures vanquished.

Notes
Turn   | Place    | Note
--------------------------------------------------------------
     0 | D        | hexophile the Naga Monk began the quest for the Orb.
     0 | D        | Reached XP level 1. HP: 21/21 MP: 1/1
   211 | D        | Noticed a water moccasin
   233 | D        | Found a glowing silver altar of Zin.
   233 | D        | Found a glowing golden altar of the Shining One.
   233 | D        | Found an ancient bone altar of Kikubaaqudgha.
   233 | D        | Found a basalt altar of Yredelemnul.
   233 | D        | Found a shimmering altar of Xom.
   233 | D        | Found a radiant altar of Vehumet.
   235 | D        | Found an iron altar of Okawaru.
   236 | D        | Found a burning altar of Makhleb.
   237 | D        | Found a deep blue altar of Sif Muna.
   238 | D        | Found a bloodstained altar of Trog.
   239 | D        | Found a sparkling altar of Nemelex Xobeh.
   240 | D        | Found a white marble altar of Elyvilon.
   241 | D        | Found a roughly hewn altar of Beogh.
   242 | D        | Found a viscous altar of Jiyva.
   243 | D        | Found a corrupted altar of Lugonu.
   244 | D        | Found a blossoming altar of Fedhas.
   245 | D        | Found a snail-covered altar of Cheibriados.
   246 | D        | Found a shadowy altar of Dithmenos.
   247 | D        | Found a stormy altar of Qazlal.
   248 | D        | Found an opulent altar of Gozag.
   249 | D        | Found a sacrificial altar of Ru.
   253 | D        | Became a worshipper of Cheibriados the Contemplative
   253 | D        | Acquired Cheibriados's first power
   264 | D        | Reached XP level 2. HP: 17/30 MP: 2/2
   265 | D        | Acquired Cheibriados's second power
   267 | D        | Slain by a water moccasin

Vault maps used:
D:        linesprint

Action                   || total
-------------------------++-------
Melee: Unarmed           ||    39
Evoke: Wand              ||     3
  Use: Scroll            ||     1
       Potion            ||     1
